| TOP OF THE 1ST |
|
Tampa Bay Rays batting - Pitching for San Diego Padres : RHP Walker Lockett
|
|
Pitching: RHP Walker Lockett
|
|
|
Batting: RHB Bobby Davenport
|
0-0: DOUBLE (Flyball, 89XD, EV 110.6 MPH)
|
|
Batting: SHB Osvaldo Leme
|
0-0: Ball 1-0: SINGLE (Groundball, 34D, EV 97.5 MPH) Bobby Davenport to third
|
|
Batting: RHB Ismael Ramírez
|
0-0: Ball 1-0: Called Strike 1-1: Fielders Choice at 2nd, 6-4 (Groundball, 6, EV 85.0 MPH) Bobby Davenport scores
|
|
Batting: LHB Dan Mitchell
|
0-0: Foul Ball, location: 3DF 0-1: Foul Ball, location: 2F 0-2: Fly out, F7 (Flyball, 7D, EV 100.6 MPH)
|
|
Batting: LHB Eric Cox
|
0-0: Ball 1-0: Ball 2-0: Ball 3-0: Called Strike 3-1: Called Strike 3-2: 2-RUN HOME RUN (Flyball, 89XD, EV 100.0 MPH), Distance : 406 ft
|
|
Batting: RHB Dylan Veeck
|
0-0: Called Strike 0-1: Called Strike 0-2: SINGLE (Line Drive, 78M, EV 91.3 MPH)
|
|
Batting: LHB Joey Bowen
|
0-0: Called Strike 0-1: Called Strike 0-2: Ball 1-2: DOUBLE (Groundball, 3L, EV 105.0 MPH) Dylan Veeck to third Runner from 3rd tries for Home, SAFE, no throw by RF
|
|
Batting: RHB Jesús Pacheco
|
0-0: Foul Ball, location: 5SF 0-1: Ball 1-1: Ball 2-1: Ball 3-1: Fly out, F8 (Flyball, 8RM, EV 77.5 MPH)
|
| Top of the 1st over - 4 runs, 5 hits, 0 errors, 1 left on base; Tampa Bay 4 - San Diego 0 |
| BOTTOM OF THE 1ST |
|
San Diego Padres batting - Pitching for Tampa Bay Rays : RHP Kevin Murray
|
|
Pitching: RHP Kevin Murray
|
|
|
Now at C: Buster Posey
|
|
|
Batting: RHB Michael Choice
|
0-0: Swinging Strike 0-1: Ball 1-1: Ball 2-1: Foul Ball, location: 2F 2-2: Foul Ball, location: 9LMF 2-2: Foul Ball, location: 2F 2-2: Ball 3-2: Fly out, F7 (Flyball, 78M, EV 85.6 MPH)
|
|
Batting: LHB Jeff Young
|
0-0: Ball 1-0: Called Strike 1-1: Ball 2-1: Foul Ball, location: 2F 2-2: Ball 3-2: Foul Ball, location: 2F 3-2: SINGLE (Line Drive, 89S, EV 90.0 MPH)
|
|
Batting: LHB Jamal Underwood
|
0-0: Called Strike Jeff Young steals 2nd base 0-1: Ball 1-1: DOUBLE (Groundball, 3L, EV 108.8 MPH) Jeff Young scores
|
|
Batting: SHB Tim McDaniel
|
0-0: Ball 1-0: Ball Jamal Underwood steals 3rd base 2-0: Ball 3-0: Called Strike 3-1: SINGLE (Groundball, 4D, EV 111.3 MPH) Jamal Underwood scores
|
|
Batting: RHB Greg Nelson
|
0-0: Ball 1-0: Ball 2-0: Ball 3-0: Called Strike 3-1: Grounds into double play, 4-6-3 (Groundball, 34S, EV 80.0 MPH)
|
| Bottom of the 1st over - 2 runs, 3 hits, 0 errors, 0 left on base; Tampa Bay 4 - San Diego 2 |
| TOP OF THE 2ND |
|
Tampa Bay Rays batting - Pitching for San Diego Padres : RHP Walker Lockett
|
|
Batting: RHB Enrico Vázquez
|
0-0: Called Strike 0-1: Ball 1-1: Foul Ball, location: 5SF 1-2: Ball 2-2: SINGLE (Line Drive, 56D, EV 97.5 MPH)
|
|
Batting: RHB Bobby Davenport
|
0-0: SINGLE (Line Drive, 9S, EV 93.1 MPH) Enrico Vázquez to second
|
|
Batting: RHB Buster Posey
|
0-0: Ball 1-0: Ball Wild Pitch! Enrico Vázquez to third Bobby Davenport to second 2-0: Ball 3-0: Base on Balls
|
|
Batting: RHB Ismael Ramírez
|
0-0: SINGLE (Line Drive, 89S, EV 101.3 MPH) Enrico Vázquez scores Bobby Davenport to third Buster Posey to second
|
|
Pitching: RHP Don Hill
|
|
|
Batting: LHB Dan Mitchell
|
0-0: Foul Ball, location: 7LDF 0-1: Foul Ball, location: 3DF 0-2: Ball 1-2: Ball 2-2: Foul Ball, location: 2LF 2-2: GRAND SLAM HOME RUN (Flyball, 89XD, EV 103.8 MPH), Distance : 418 ft
|
|
Batting: LHB Eric Cox
|
0-0: Ball 1-0: Ball 2-0: Ball 3-0: Base on Balls
|
|
Batting: RHB Dylan Veeck
|
0-0: Called Strike 0-1: Foul Ball, location: 2F 0-2: Ball 1-2: Ball 2-2: Ball 3-2: Strikes out looking
|
|
Batting: LHB Joey Bowen
|
0-0: Swinging Strike 0-1: Ball 1-1: Called Strike 1-2: Ball 2-2: Grounds into double play, 3-6-3 (Groundball, 23, EV 76.9 MPH)
|
| Top of the 2nd over - 5 runs, 4 hits, 0 errors, 0 left on base; Tampa Bay 9 - San Diego 2 |
| BOTTOM OF THE 2ND |
|
San Diego Padres batting - Pitching for Tampa Bay Rays : RHP Kevin Murray
|
|
Batting: RHB Shawn Grimes
|
0-0: Ball 1-0: Ball 2-0: Foul Ball, location: 2F 2-1: Foul Ball, location: 2F 2-2: Ball 3-2: Fly out, F8 (Flyball, 8RD, EV 100.6 MPH)
|
|
Batting: LHB Jonathan Arauz
|
0-0: Called Strike 0-1: Called Strike 0-2: Foul Ball, location: 7LDF 0-2: Ground out 6-3 (Groundball, 56, EV 83.1 MPH)
|
|
Batting: RHB Steve Farrar
|
0-0: Ball 1-0: Foul Ball, location: 2F 1-1: Ball 2-1: Ball 3-1: Base on Balls
|
|
Batting: RHB Jorge Gordon
|
0-0: Called Strike 0-1: Ball 1-1: Foul Ball, location: 2F 1-2: Foul Ball, location: 2F 1-2: Strikes out looking
|
| Bottom of the 2nd over - 0 runs, 0 hits, 0 errors, 1 left on base; Tampa Bay 9 - San Diego 2 |
| TOP OF THE 3RD |
|
Tampa Bay Rays batting - Pitching for San Diego Padres : RHP Don Hill
|
|
Batting: RHB Jesús Pacheco
|
0-0: Ball 1-0: Ball 2-0: Ball 3-0: Called Strike 3-1: Base on Balls
|
|
Batting: RHB Enrico Vázquez
|
0-0: Ball 1-0: Ball 2-0: Ball 3-0: Called Strike 3-1: Foul Ball, location: 9LDF 3-2: Foul Ball, location: 3F 3-2: Strikes out looking Jesús Pacheco steals 2nd base Batter strikes out.
|
|
Batting: RHB Bobby Davenport
|
0-0: Foul Ball, location: 3F 0-1: Ball 1-1: Fly out, F9 (Flyball, 9LMF, EV 105.0 MPH)
|
|
Batting: RHB Buster Posey
|
0-0: Called Strike 0-1: Fly out, F8 (Flyball, 8LD, EV 103.8 MPH)
|
| Top of the 3rd over - 0 runs, 0 hits, 0 errors, 1 left on base; Tampa Bay 9 - San Diego 2 |
| BOTTOM OF THE 3RD |
|
San Diego Padres batting - Pitching for Tampa Bay Rays : RHP Kevin Murray
|
|
Batting: RHB Michael Choice
|
0-0: Called Strike 0-1: Swinging Strike 0-2: Foul Ball, location: 23F 0-2: Ball 1-2: Ball 2-2: Foul Ball, location: 9LDF 2-2: Ball 3-2: Strikes out looking
|
|
Batting: LHB Jeff Young
|
0-0: Fly out, F8 (Flyball, 8RS, EV 80.6 MPH)
|
|
Batting: LHB Jamal Underwood
|
0-0: Ball 1-0: Foul Ball, location: 2F 1-1: Ball 2-1: Foul Ball, location: 7LSF 2-2: Foul Ball, location: 5DF 2-2: Strikes out swinging
|
| Bottom of the 3rd over - 0 runs, 0 hits, 0 errors, 0 left on base; Tampa Bay 9 - San Diego 2 |
| TOP OF THE 4TH |
|
Tampa Bay Rays batting - Pitching for San Diego Padres : RHP Don Hill
|
|
Batting: RHB Ismael Ramírez
|
0-0: Called Strike 0-1: Swinging Strike 0-2: SINGLE (Line Drive, 56D, EV 95.0 MPH)
|
|
Batting: LHB Dan Mitchell
|
0-0: Foul Ball, location: 23F 0-1: Called Strike 0-2: Strikes out swinging
|
|
Batting: LHB Eric Cox
|
0-0: Ball 1-0: Grounds into double play, 6-4-3 (Groundball, 6, EV 90.0 MPH)
|
| Top of the 4th over - 0 runs, 1 hit, 0 errors, 0 left on base; Tampa Bay 9 - San Diego 2 |
| BOTTOM OF THE 4TH |
|
San Diego Padres batting - Pitching for Tampa Bay Rays : RHP Kevin Murray
|
|
Batting: SHB Tim McDaniel
|
0-0: Called Strike 0-1: Called Strike 0-2: Ball 1-2: Ball 2-2: Ball 3-2: Base on Balls
|
|
Batting: RHB Greg Nelson
|
0-0: Ball 1-0: Called Strike 1-1: Foul Ball, location: 2F 1-2: Foul Ball, location: 9LMF 1-2: Ball 2-2: Foul Ball, location: 2F 2-2: Foul Ball, location: 9LMFF 2-2: Foul Ball, location: 2RF 2-2: Ball 3-2: Foul Ball, location: 2RF 3-2: Fly out, F9 (Flyball, 89M, EV 85.0 MPH)
|
|
Batting: RHB Shawn Grimes
|
0-0: Ball 1-0: Foul Ball, location: 3F 1-1: Swinging Strike 1-2: Foul Ball, location: 3FF 1-2: Ball 2-2: Foul Ball, location: 3F 2-2: Ball 3-2: Base on Balls Tim McDaniel to second
|
|
Batting: LHB Jonathan Arauz
|
0-0: Fly out, F7 (Flyball, 78M, EV 92.5 MPH)
|
|
Batting: RHB Steve Farrar
|
0-0: Ball 1-0: Ball 2-0: Ball 3-0: Called Strike 3-1: Foul Ball, location: 2F 3-2: Base on Balls Tim McDaniel to third Shawn Grimes to second
|
|
Pitching: RHP Nate Sandoval
|
|
|
Batting: RHB Jorge Gordon
|
0-0: Swinging Strike Passed Ball! Tim McDaniel scores Shawn Grimes to third Steve Farrar to second 0-1: Ground out 6-3 (Groundball, 6, EV 86.3 MPH)
|
| Bottom of the 4th over - 1 run, 0 hits, 0 errors, 2 left on base; Tampa Bay 9 - San Diego 3 |
| TOP OF THE 5TH |
|
Tampa Bay Rays batting - Pitching for San Diego Padres : RHP Don Hill
|
|
Batting: RHB Dylan Veeck
|
0-0: Ball 1-0: Ball 2-0: Ball 3-0: Called Strike 3-1: Foul Ball, location: 2F 3-2: Strikes out swinging
|
|
Pitching: LHP Sergio García
|
|
|
Batting: LHB Joey Bowen
|
0-0: Ball 1-0: Ball 2-0: Called Strike 2-1: Ball 3-1: Foul Ball, location: 9LSF 3-2: Foul Ball, location: 9LSFF 3-2: Fly out, F8 (Line Drive, 8RD, EV 90.6 MPH)
|
|
Batting: RHB Jesús Pacheco
|
0-0: Ball 1-0: Ball 2-0: Ball 3-0: Base on Balls
|
|
Batting: RHB Enrico Vázquez
|
0-0: Swinging Strike 0-1: Ball 1-1: Foul Ball, location: 25F 1-2: Foul Ball, location: 2F 1-2: Ball 2-2: Fly out, F3 (Popup, 3SF, EV 70.6 MPH)
|
| Top of the 5th over - 0 runs, 0 hits, 0 errors, 1 left on base; Tampa Bay 9 - San Diego 3 |
| BOTTOM OF THE 5TH |
|
San Diego Padres batting - Pitching for Tampa Bay Rays : RHP Nate Sandoval
|
|
Batting: RHB Michael Choice
|
0-0: Foul Ball, location: 7LSF 0-1: Called Strike 0-2: Ball 1-2: Ball 2-2: Foul Ball, location: 3SF 2-2: Foul Ball, location: 3FF 2-2: Fly out, F5 (Popup, 5S, EV 74.4 MPH)
|
|
Batting: LHB Jeff Young
|
0-0: Ball 1-0: Ball 2-0: Ball 3-0: Called Strike 3-1: Base on Balls
|
|
Batting: LHB Jamal Underwood
|
0-0: Called Strike 0-1: Ball 1-1: Ball 2-1: Ball 3-1: Base on Balls Jeff Young to second
|
|
Batting: SHB Tim McDaniel
|
0-0: Called Strike 0-1: Swinging Strike 0-2: Strikes out swinging
|
|
Batting: RHB Greg Nelson
|
0-0: Ball 1-0: Ball 2-0: Called Strike 2-1: SINGLE (Groundball, 23, EV 71.3 MPH) (infield hit) Jeff Young to third Jamal Underwood to second
|
|
Batting: RHB Shawn Grimes
|
0-0: Ball 1-0: Called Strike 1-1: Ball 2-1: Foul Ball, location: 9LSF 2-2: Ball 3-2: Foul Ball, location: 9LSF 3-2: Base on Balls Jeff Young scores Jamal Underwood to third Greg Nelson to second
|
|
Pitching: RHP Greg Strong
|
|
|
Batting: LHB Jonathan Arauz
|
0-0: Called Strike 0-1: Called Strike 0-2: Strikes out swinging
|
| Bottom of the 5th over - 1 run, 1 hit, 0 errors, 3 left on base; Tampa Bay 9 - San Diego 4 |
| TOP OF THE 6TH |
|
Tampa Bay Rays batting - Pitching for San Diego Padres : LHP Sergio García
|
|
Batting: RHB Bobby Davenport
|
0-0: Called Strike 0-1: Fly out, F8 (Flyball, 8LS, EV 91.3 MPH)
|
|
Batting: RHB Buster Posey
|
0-0: Swinging Strike 0-1: Ball 1-1: Ball 2-1: Foul Ball, location: 2F 2-2: Fly out, F8 (Flyball, 8LM, EV 97.5 MPH)
|
|
Batting: RHB Ismael Ramírez
|
0-0: Ball 1-0: Foul Ball, location: 7LMF 1-1: Foul Ball, location: 9LSF 1-2: Ground out 6-3 (Groundball, 6, EV 88.8 MPH)
|
| Top of the 6th over - 0 runs, 0 hits, 0 errors, 0 left on base; Tampa Bay 9 - San Diego 4 |
| BOTTOM OF THE 6TH |
|
San Diego Padres batting - Pitching for Tampa Bay Rays : RHP Greg Strong
|
|
Batting: RHB Steve Farrar
|
0-0: Ball 1-0: Called Strike 1-1: Ball 2-1: SOLO HOME RUN (Flyball, 8LXD, EV 101.9 MPH), Distance : 422 ft
|
|
Batting: RHB Jorge Gordon
|
0-0: Called Strike 0-1: Ball 1-1: Foul Ball, location: 3F 1-2: Foul Ball, location: 23F 1-2: Ball 2-2: Fly out, F9 (Flyball, 9LSF, EV 88.8 MPH)
|
|
Batting: RHB Michael Choice
|
0-0: Ball 1-0: Ball 2-0: Called Strike 2-1: Ball 3-1: Base on Balls
|
|
Batting: LHB Jeff Young
|
0-0: Called Strike 0-1: Foul Ball, location: 7LMF 0-2: Ball 1-2: SINGLE (Flyball, 78S, EV 89.4 MPH) Michael Choice to second
|
|
Batting: LHB Jamal Underwood
|
0-0: Called Strike 0-1: Ball 1-1: Ball 2-1: Ball 3-1: Grounds into double play, 4-6-3 (Groundball, 4, EV 81.3 MPH)
|
| Bottom of the 6th over - 1 run, 2 hits, 0 errors, 1 left on base; Tampa Bay 9 - San Diego 5 |
| TOP OF THE 7TH |
|
Tampa Bay Rays batting - Pitching for San Diego Padres : LHP Sergio García
|
|
Batting: LHB Dan Mitchell
|
0-0: Foul Ball, location: 25F 0-1: Ball 1-1: Called Strike 1-2: Strikes out looking
|
|
Batting: LHB Eric Cox
|
0-0: Ball 1-0: DOUBLE (Groundball, 3L, EV 95.0 MPH)
|
|
Batting: RHB Dylan Veeck
|
0-0: Ball 1-0: Ball 2-0: Ground out 6-3 (Groundball, 6MS, EV 88.8 MPH)
|
|
Batting: LHB Joey Bowen
|
0-0: Called Strike 0-1: Ball 1-1: Fly out, F6 (Line Drive, 6M, EV 66.3 MPH)
|
| Top of the 7th over - 0 runs, 1 hit, 0 errors, 1 left on base; Tampa Bay 9 - San Diego 5 |
| BOTTOM OF THE 7TH |
|
San Diego Padres batting - Pitching for Tampa Bay Rays : RHP Greg Strong
|
|
Pitching: RHP Bobby Young
|
|
|
Batting: SHB Tim McDaniel
|
0-0: SINGLE (Line Drive, 9S, EV 85.0 MPH)
|
|
Batting: RHB Greg Nelson
|
0-0: Ball 1-0: Called Strike 1-1: Ball 2-1: Foul Ball, location: 2F 2-2: Fly out, F7 (Line Drive, 7, EV 94.4 MPH)
|
|
Batting: RHB Shawn Grimes
|
0-0: Called Strike Tim McDaniel is caught stealing 2nd base 2-4 0-1: Ball 1-1: Ball 2-1: Foul Ball, location: 2F 2-2: Ball 3-2: Fly out, F9 (Flyball, 89M, EV 78.1 MPH)
|
| Bottom of the 7th over - 0 runs, 1 hit, 0 errors, 0 left on base; Tampa Bay 9 - San Diego 5 |
| TOP OF THE 8TH |
|
Tampa Bay Rays batting - Pitching for San Diego Padres : LHP Sergio García
|
|
Pitching: RHP Henry Hirsch
|
|
|
Batting: RHB Jesús Pacheco
|
0-0: Ball 1-0: Swinging Strike 1-1: Foul Ball, location: 2F 1-2: Foul Ball, location: 2F 1-2: Ball 2-2: SINGLE (Line Drive, 9LS, EV 108.8 MPH)
|
|
Batting: RHB Enrico Vázquez
|
0-0: Foul Ball, location: 25FF 0-1: Ball 1-1: Ball 2-1: Called Strike 2-2: Foul Ball, location: 3DF 2-2: Strikes out looking
|
|
Batting: RHB Bobby Davenport
|
0-0: Ball 1-0: SINGLE (Line Drive, 89M, EV 97.5 MPH) Jesús Pacheco to second Runner from 2nd tries for 3rd, SAFE, throw by RF made at trailing runner, OUT! 9-3-6
|
|
Batting: RHB Buster Posey
|
0-0: Called Strike 0-1: Reached on error, E1 (Groundball, 34S, EV 70.6 MPH) Jesús Pacheco scores
|
|
Batting: RHB Ismael Ramírez
|
0-0: Ball 1-0: Ball 2-0: Ball 3-0: Called Strike 3-1: Ground out 6-3 (Groundball, 6, EV 102.5 MPH)
|
| Top of the 8th over - 1 run, 2 hits, 1 error, 1 left on base; Tampa Bay 10 - San Diego 5 |
| BOTTOM OF THE 8TH |
|
San Diego Padres batting - Pitching for Tampa Bay Rays : RHP Bobby Young
|
|
Batting: LHB Jonathan Arauz
|
0-0: Ball 1-0: Ground out 5-3 (Groundball, 56, EV 103.1 MPH)
|
|
Batting: RHB Steve Farrar
|
0-0: Foul Ball, location: 9LSF 0-1: SINGLE (Line Drive, 8RM, EV 88.8 MPH)
|
|
Batting: RHB Jorge Gordon
|
0-0: Ball 1-0: Called Strike 1-1: Ball 2-1: Ball 3-1: Base on Balls Steve Farrar to second
|
|
Batting: RHB Michael Choice
|
0-0: Called Strike 0-1: Ball 1-1: Ball 2-1: Ball 3-1: Foul Ball, location: 25F 3-2: Strikes out swinging
|
|
Pitching: LHP Cristopher Sanchez
|
|
|
Pinch Hitting: RHB Mike Hollingsworth
|
0-0: Ball 1-0: Ball 2-0: Foul Ball, location: 25FF 2-1: Called Strike 2-2: Ground out 6-3 (Groundball, 6S, EV 85.0 MPH)
|
| Bottom of the 8th over - 0 runs, 1 hit, 0 errors, 2 left on base; Tampa Bay 10 - San Diego 5 |
| TOP OF THE 9TH |
|
Tampa Bay Rays batting - Pitching for San Diego Padres : RHP Henry Hirsch
|
|
Now at 1B: Mike Hollingsworth
|
|
|
Batting: LHB Dan Mitchell
|
0-0: DOUBLE (Groundball, 3L, EV 94.4 MPH)
|
|
Batting: LHB Eric Cox
|
0-0: Ball 1-0: Called Strike 1-1: Ball 2-1: Foul Ball, location: 7LSF 2-2: Foul Ball, location: 2RF 2-2: Ball 3-2: Strikes out swinging
|
|
Pitching: RHP Steven O. Fuentes
|
|
|
Batting: RHB Dylan Veeck
|
0-0: Ball 1-0: Ball 2-0: Foul Ball, location: 9LSF 2-1: Foul Ball, location: 2F 2-2: Foul Ball, location: 3SF 2-2: Ground out 4-3 (Groundball, 4, EV 85.0 MPH) Dan Mitchell to third
|
|
Batting: LHB Joey Bowen
|
0-0: Called Strike 0-1: Swinging Strike 0-2: Ball 1-2: Ball 2-2: Strikes out swinging
|
| Top of the 9th over - 0 runs, 1 hit, 0 errors, 1 left on base; Tampa Bay 10 - San Diego 5 |
| BOTTOM OF THE 9TH |
|
San Diego Padres batting - Pitching for Tampa Bay Rays : LHP Cristopher Sanchez
|
|
Batting: LHB Jamal Underwood
|
0-0: Called Strike 0-1: SINGLE (Line Drive, 8LS, EV 102.5 MPH)
|
|
Batting: SHB Tim McDaniel
|
0-0: Called Strike 0-1: Ball 1-1: Ball 2-1: SINGLE (Groundball, 4MD, EV 94.4 MPH) Jamal Underwood to second
|
|
Batting: RHB Greg Nelson
|
0-0: Grounds into double play, 6-4-3 (Groundball, 56, EV 103.1 MPH) Jamal Underwood to third
|
|
Batting: RHB Shawn Grimes
|
0-0: Ball 1-0: Ball 2-0: SINGLE (Line Drive, 4D, EV 93.8 MPH) Jamal Underwood scores
|
|
Pitching: RHP Héctor Saldaña
|
|
|
Batting: LHB Jonathan Arauz
|
0-0: Fielders Choice at 2nd, 6-4 (Groundball, 6, EV 62.5 MPH)
|
| Bottom of the 9th over - 1 run, 3 hits, 0 errors, 1 left on base; Tampa Bay 10 - San Diego 6 |
|